 Dungeon Crawl Stone Soup version 0.29.0-4-gdea44cf6ec (webtiles) character file.

Game seed: 14849104257965951325

39 qw the Vexing (level 3, -1/35 HPs)
             Began as an Ogre Enchanter on Sept 4, 2022.
             Slain by a hobgoblin (6 damage)
             ... led by Robin
             ... on level 2 of the Dungeon.
             The game lasted 00:00:58 (1932 turns).

qw the Vexing (Ogre Enchanter)                      Turns: 1932, Time: 00:00:58

Health: -1/35      AC:  3    Str: 14    XL:     3   Next: 45%
Magic:  6/6        EV:  9    Int: 16    God:
Gold:   40         SH:  0    Dex:  9    Spells: 6/6 levels left

rFire   . . .      SeeInvis .   j - -3 short sword
rCold   . . .      Faith    .   (no shield)
rNeg    . . .      Spirit   .   b - +0 robe
rPois   .          Reflect  .   (helmet restricted)
rElec   .          Harm     .   (no cloak)
rCorr   .          Rampage  .   (gloves unavailable)
Will    .....                   (boots unavailable)
Stlth   ++........              i - amulet of regeneration
HPRegen 0.91/turn               (no ring)
MPRegen 0.10/turn               (no ring)

@: no status effects
A: large, unfitting armour, tough skin 1
a: no special abilities


You were on level 2 of the Dungeon.
You visited 1 branch of the dungeon, and saw 2 of its levels.

You collected 40 gold pieces.


Innate Abilities, Weirdness & Mutations

You are too large for most types of armour.
You have tough skin. (AC +1)


   Skills:
 - Level 2.0 Fighting
 - Level 0.8 Short Blades
 + Level 2.4 Axes
 - Level 1.7 Dodging
 - Level 2.1 Stealth
 - Level 2.4 Spellcasting
 - Level 2.6 Hexes


You had 6 spell levels left.
You didn't know any spells.
Your spell library contained the following spells:

 Spells                   Type           Power      Damage    Failure   Level
 Ensorcelled Hibernation  Hex/Ice        12%        N/A       17%         2
 Confusing Touch          Hex            10%        N/A       21%         3
 Tukima's Dance           Hex            10%        N/A       21%         3
 Dazzling Flash           Conj/Hex       12%        N/A       34%         3

Inventory:

Hand Weapons
 j - a -3 short sword (weapon)
Missiles
 c - 4 boomerangs (quivered)
Armour
 b - a +0 robe (worn)
Jewellery
 i - an amulet of regeneration (around neck)
Potions
 a - a potion of curing {unknown}
 f - a potion of degeneration {unknown}
 h - a potion of ambrosia {unknown}

Dungeon Overview and Level Annotations

Branches:
Dungeon (2/15)

Altars:

Annotations:
D:2 Robin


Message History

You hit the jackal.
The jackal is almost dead.
The jackal bites you but does no damage. x2
Robin barely misses you.
You hit the jackal but do no damage.
The jackal is almost dead.
The jackal bites you.
You hit the jackal but do no damage.
The jackal is almost dead.
The jackal bites you. The goblin barely misses you. Robin closely misses you.
The jackal bites you.
1925 ||| Stepping ~*~*~tactically~*~*~ (outnumbered).
The jackal attacks as you move away! The jackal closely misses you.
The goblin attacks as you move away! The goblin hits you with a +0 dagger.
Robin hits you but does no damage.
You hit the jackal.
You kill the jackal!
The goblin hits you with a +0 dagger. Robin throws the goblin at you!
The goblin hits you with a +0 club.
You hit Robin but do no damage. The goblin closely misses you.
The goblin hits you but does no damage. The hobgoblin closely misses you.
Robin hits you with a +0 vampiric short sword.
You hit Robin but do no damage. The goblin closely misses you.
The hobgoblin closely misses you. The goblin barely misses you.
You hit Robin but do no damage. The goblin hits you with a +0 dagger.
The hobgoblin hits you. Robin closely misses you.
The goblin hits you but does no damage.
You closely miss Robin. The goblin barely misses you.
The hobgoblin hits you but does no damage.
Robin hits you with a +0 vampiric short sword.
The goblin closely misses you.
You hit Robin but do no damage. The goblin hits you with a +0 dagger.
Robin hits you but does no damage. The goblin completely misses you.
The hobgoblin hits you.
You closely miss Robin. The hobgoblin hits you.
You die...

#.........
#.........
#........#
#........##
#.........
#........#
#.......g######.
#......ggg......
########@######
#g### #.#<#
#%#.#
#########.#.#
#.......).#.#
####.######.#
#.# #.#
#.######.#


You could see Robin, a hobgoblin (strong) and 3 goblins.

Vanquished Creatures
  2 dart slugs (D:1)
  4 endoplasms (D:1)
  2 giant cockroaches (D:1)
  9 goblins
  2 hobgoblins (D:1)
  4 jackals (D:2)
  2 ball pythons (D:1)
  2 bats (D:1)
  2 kobolds (D:1)
29 creatures vanquished.

Notes
Turn   | Place    | Note
-------+----------+-------------------------------------------
     0 | D:1      | qw the Ogre Enchanter began the quest for the Orb.
     0 | D:1      | Reached XP level 1. HP: 16/16 MP: 3/3
     0 | D:1      | 0 ||| qw: Version: 0.1-a-102-g441f92d
     0 | D:1      | 0 ||| qw: Game counter: 5356
     0 | D:1      | 0 ||| qw: Always use a shield: true
     0 | D:1      | 0 ||| qw: God list: Okawaru
     0 | D:1      | 0 ||| qw: Allow faded altars: false
     0 | D:1      | 0 ||| qw: Do Orc after D:15 true
     0 | D:1      | 0 ||| qw: Do second Lair branch before Depths: true
     0 | D:1      | 0 ||| qw: Lair rune preference: random
     0 | D:1      | 0 ||| qw: Plans: Normal
     0 | D:1      | 0 ||| PLANNING D:1-11
    10 | D:1      | 10 ||| Stepping ~*~*~tactically~*~*~ (hiding).
    11 | D:1      | 11 ||| Stepping ~*~*~tactically~*~*~ (hiding).
    13 | D:1      | 13 ||| Stepping ~*~*~tactically~*~*~ (stealth).
    21 | D:1      | Reached skill level 1 in Axes
    27 | D:1      | 27 ||| Stepping ~*~*~tactically~*~*~ (stealth).
    30 | D:1      | 30 ||| Stepping ~*~*~tactically~*~*~ (stealth).
    44 | D:1      | 44 ||| SWAPPING to +0 club.
    45 | D:1      | 45 ||| DROPPING +1 dagger.
    47 | D:1      | 47 ||| Stepping ~*~*~tactically~*~*~ (stealth).
   112 | D:1      | 112 ||| Stepping ~*~*~tactically~*~*~ (hiding).
   166 | D:1      | Reached skill level 1 in Fighting
   166 | D:1      | Reached XP level 2. HP: 15/27 MP: 5/5
   297 | D:1      | 297 ||| Stepping ~*~*~tactically~*~*~ (hiding).
   436 | D:1      | 436 ||| Stepping ~*~*~tactically~*~*~ (stealth).
   442 | D:1      | 442 ||| Stepping ~*~*~tactically~*~*~ (stealth).
   443 | D:1      | 443 ||| Stepping ~*~*~tactically~*~*~ (stealth).
   456 | D:1      | HP: 6/27 [kobold/+0 club (2)]
   994 | D:1      | 994 ||| Stepping ~*~*~tactically~*~*~ (stealth).
  1414 | D:1      | Reached XP level 3. HP: 23/35 MP: 6/6
  1588 | D:1      | Found a faded altar of an unknown god.
  1593 | D:1      | 1593 ||| SWAPPING to -3 short sword.
  1594 | D:1      | 1594 ||| DROPPING +0 club.
  1665 | D:1      | 1665 ||| DROPPING amulet of magic regeneration.
  1666 | D:1      | 1666 ||| UPGRADING to amulet of regeneration.
  1671 | D:1      | 1671 ||| DRINKING 2 pink potions.
  1672 | D:1      | 1672 ||| DROPPING 2 potions of invisibility.
  1673 | D:1      | 1673 ||| DROPPING potion of attraction.
  1733 | D:2      | 1733 ||| Stepping ~*~*~tactically~*~*~ (stealth).
  1734 | D:2      | Noticed Robin
  1735 | D:2      | 1735 ||| Stepping ~*~*~tactically~*~*~ (stealth).
  1737 | D:2      | 1737 ||| Stepping ~*~*~tactically~*~*~ (stealth).
  1767 | D:2      | 1767 ||| Stepping ~*~*~tactically~*~*~ (outnumbered).
  1788 | D:2      | 1788 ||| Stepping ~*~*~tactically~*~*~ (stealth).
  1790 | D:2      | 1790 ||| Stepping ~*~*~tactically~*~*~ (stealth).
  1800 | D:2      | 1800 ||| Stepping ~*~*~tactically~*~*~ (outnumbered).
  1801 | D:2      | 1801 ||| Stepping ~*~*~tactically~*~*~ (outnumbered).
  1901 | D:2      | 1901 ||| Stepping ~*~*~tactically~*~*~ (stealth).
  1907 | D:2      | 1907 ||| Stepping ~*~*~tactically~*~*~ (stealth).
  1925 | D:2      | 1925 ||| Stepping ~*~*~tactically~*~*~ (outnumbered).
  1930 | D:2      | HP: 8/35 [Robin/+0 vampiric short sword (2)]
  1932 | D:2      | Slain by a hobgoblin

Levels and vault maps discovered:
D:1:      dpeg_arrival_long_road, layout_loops_cross,
          ebering_ecumenical_altar_rust, minivault_27,
          nicolae_figureground_pulse
D:2:      layout_basic, minmay_misc_feat_tiny, nrook_campfire,
          kennysheep_minor_cross, uniq_robin, uniq_terence

Skill      XL: |  1  2  3 |
---------------+----------+-----
Axes           | 1 2 |  2.4
Fighting       | 1 2 |  2.0
Short Blades   | |  0.8
Dodging        | |  1.7
Stealth        | |  2.1
Spellcasting   | |  2.4
Hexes          | |  2.6

Action                   || total
-------------------------++-------
Melee: Club              ||    89
       Dagger            ||     6
       Punch             ||     3
       Short sword       ||   158
Throw: Boomerang         ||     3
  Use: Potion            ||     1
Armor: Robe              ||   102
Dodge: Dodged            ||   118

Table legend:
 A = Non-vault XP
 B = Vault XP
 C = Vault XP percentage of total XP
 D = Non-vault monster count
 E = Vault monster count
 F = Vault count percentage of total count
                 A         B        C        D         E       F
            +---------+---------+-------+---------+---------+-------
      Total |      43 |      13 |  23.2 |      22 |       7 |  24.1
            +---------+---------+-------+---------+---------+-------
        D:1 |      35 |       0 |   0.0 |      18 |       0 |   0.0
        D:2 |       8 |      13 |  61.9 |       4 |       7 |  63.6
            +---------+---------+-------+---------+---------+-------
